 Dungeon Sprint DCSS version 0.21.0-25-ge575cb9 (webtiles) character file.

105889 wojtek the Axe Maniac (level 15, -16/158 (163) HPs)
             Began as a Minotaur Berserker on Jan 26, 2018.
             Was the Champion of Trog.
             Demolished by Sojobo
             ... wielding a +2 morningstar of crushing
              (20 damage)
             ... in the Dungeon (Sprint III: "The Ten Rune Challenge").
             The game lasted 00:31:03 (10110 turns).

wojtek the Axe Maniac (Minotaur Berserker)         Turns: 10110, Time: 00:31:03

HP:   -16/158 (163) AC: 34    Str: 27    XL:     15   Next: 16%
MP:   14/14         EV: 24    Int:  4    God:    Trog [******]
Gold: 2130          SH:  0    Dex: 14    Spells: 14/14 levels left

rFire    . . .     SeeInvis +   a - +3 executioner's axe (flame)
rCold    + + .     Gourm    .   (shield currently unavailable)
rNeg     . . .     Faith    .   U - +10 scale mail "Pakh" {rC+ MR++ SInv Stlth-}
rPois    +         Spirit   .   B - +2 hat
rElec    .         Reflect  .   z - +0 cloak
rCorr    .         Harm     .   S - +3 pair of gauntlets of War {Slay+5}
MR       +++..     NoTele   +   L - +1 pair of boots
Stlth    ..........             (no amulet)
HPRegen  0.36/turn              R - ring of Cockuemu {rPois Dex+3}
MPRegen  0.14/turn              F - ring of protection from cold

@: flying
A: retaliatory headbutt, horns 2, blurry vision 1
}: 2/10 runes: decaying, serpentine
a: Berserk, Trog's Hand, Brothers in Arms, Burn Spellbooks, Renounce Religion


You were in the Dungeon.
You worshipped Trog.
Trog was exalted by your worship.
You were very hungry.

You visited 1 branch You collected 5687 gold pieces.
You spent 3557 gold pieces at shops.

Inventory:

Hand Weapons
 a - a +3 executioner's axe of flaming (weapon)
 b - a +5 executioner's axe of electrocution
 s - a +4 antimagic war axe
 u - a +0 battleaxe of electrocution
 v - a +2 antimagic broad axe
 y - a +0 antimagic executioner's axe
 A - a +4 battleaxe of freezing
 G - a +5 antimagic battleaxe
 O - a +2 antimagic battleaxe
 T - the +2 battleaxe "Roha" {flame, Dex+7}
   (Trog gifted it to you in the Dungeon)

   It has been specially enchanted to burn those struck by it, causing extra
   injury to most foes and up to half again as much damage against particularly
   susceptible opponents.
   Big, fiery blades are also staple armaments of hydra-hunters.
   It affects your dexterity (+7).
 X - the +4 battleaxe of Past Mistakes {chop, Str+2, unknown}
   (Trog gifted it to you in the Dungeon)

   It inflicts extra damage upon your enemies.
   It affects your strength (+2).
 Y - a +2 battleaxe of chopping
 Z - the +8 battleaxe of the Onslaught {flame, rElec rN+ Int-2, unknown}
   (Trog gifted it to you in the Dungeon)

   It has been specially enchanted to burn those struck by it, causing extra
   injury to most foes and up to half again as much damage against particularly
   susceptible opponents.
   Big, fiery blades are also staple armaments of hydra-hunters.
   It affects your intelligence (-2).
   It insulates you from electricity.
   It protects you from negative energy.
Missiles
 t - 6 javelins of returning (quivered)
 H - 11 throwing nets
Armour
 w - a +0 plate armour
 z - a +0 cloak (worn)
 B - a +2 hat (worn)
 L - a +1 pair of boots (worn)
 S - the +3 pair of gauntlets of War (worn) {Slay+5}
   (You bought it in a shop in the Dungeon)

   It affects your accuracy and damage with ranged weapons and melee attacks
   (+5).
 U - the +10 scale mail "Pakh" (worn) {rC+ MR++ SInv Stlth-}
   (You bought it in a shop in the Dungeon)

   It protects you from cold.
   It affects your resistance to hostile enchantments.
   It lets you see invisible.
   It makes you less stealthy.
Jewellery
 C - a +5 ring of intelligence
 F - a ring of protection from cold (right hand)
 R - the ring of Cockuemu (left hand) {rPois Dex+3}
   (You bought it in a shop in the Dungeon)

   [ring of poison resistance]

   It affects your dexterity (+3).
   It protects you from poison.
Wands
 r - a wand of flame (25)
 J - a wand of disintegration (10)
 W - a wand of paralysis (9)
Scrolls
 i - 2 scrolls of blinking
 l - 2 scrolls of torment {unknown}
 m - a scroll of enchant armour {unknown}
 n - 3 scrolls of remove curse
 p - 5 scrolls of identify {unknown}
 I - a scroll of enchant weapon {unknown}
 K - a scroll of amnesia {unknown}
 M - a scroll of magic mapping {unknown}
Potions
 d - a potion of degeneration {unknown}
 e - 4 potions of heal wounds
 f - 2 potions of haste
 g - 2 potions of magic
 h - a potion of berserk rage
 k - 2 potions of mutation {unknown}
 o - a potion of ambrosia {unknown}
 q - a potion of flight
 x - a potion of brilliance {unknown}
 D - 4 potions of lignification {unknown}
 E - 2 potions of might
 P - a potion of agility
 Q - 3 potions of curing
Books
 V - a book of the Earth

   Spells                             Type                      Level
   a - Leda's Liquefaction            Hexes/Earth                  4
   b - Bolt of Magma                  Conjuration/Fire/Earth       5
   c - Statue Form                    Transmutation/Earth          6
   d - Iron Shot                      Conjuration/Earth            6
   e - Shatter                        Earth                        9
   Trog disapproves of the use of such an item.
Miscellaneous
 j - a sack of spiders
 N - a fan of gales
Comestibles
 c - 14 rations


   Skills:
 + Level 23.2 Fighting
 O Level 27 Axes
 + Level 23.2 Armour
 + Level 21.7 Dodging


You had 14 spell levels left.
You didn't know any spells.

Dungeon Overview and Level Annotations

Branches:
Dungeon (1/1)

Altars:
Cheibriados
Dithmenos
Elyvilon
Fedhas
Gozag
Hepliaklqana
Kikubaaqudgha
Makhleb
Nemelex Xobeh
Okawaru
Qazlal
Ru
Sif Muna
Trog
Uskayaw
Vehumet
Wu Jian
Xom
Yredelemnul
Zin
The Shining One
Beogh
Jiyva
Lugonu

Shops:
D =(!%=(%![%}!([:[}%:?=!*}

Annotations:
D Sojobo


Innate Abilities, Weirdness & Mutations

You reflexively headbutt those who attack you in melee.
You have a pair of horns on your head.
Scrolls take you a little longer to read.


Message History

Sojobo blocks your attack.
You headbutt Sojobo.
Sojobo is lightly wounded.
Sojobo blocks your attack.
Sojobo is lightly wounded.
Sojobo hits you with a morningstar of crushing.
Sojobo closely misses you. Sojobo claws you but does no damage.
Sojobo blocks your attack.
Sojobo is lightly wounded.
Sojobo gestures at you while chanting. The bolt of lightning hits you!
* * * LOW HITPOINT WARNING * * *
Really read with blurry vision while enemies are nearby?
Okay, then.
Sojobo blocks your attack.
You miss Sojobo. Sojobo barely misses you. Sojobo pecks you but does no damage.
Sojobo completely misses you. Sojobo blocks your attack.
Sojobo blocks your attack.
Your headbutt misses Sojobo.
Sojobo hits you with a morningstar of crushing!!
You die...

≈≈# ≈≈### ≈≈≈≈#
≈≈≈≈# ....# ....#
....# #####
########### #
#§§@§[.}≈(# .#.
#§§§Q§§≈≈≈# ..Q.#
#§§§§§....#
.#.J..#§§§§.....#
#.#.#.'.Q§§.....# §
################'##
§
#...#)..#..#......#
§
#...#...#..#..P.P.#
§
##'###'##..#..P)P.#


You could see Sojobo.

Vanquished Creatures
  Boris (D)
  Sigmund (D)
  Nikola (D)
  Rupert (D)
  2 deep elf blademasters (D)
  Chuck (D)
  Gastronok (D)
  An Executioner (D)
  Roxanne (D)
  A storm dragon (D)
  Nessos (D)
  A fire dragon (D)
  A yaktaur captain (D)
  Erolcha (D)
  2 vault guards (D)
  3 hydras (D)
  5 anacondas (D)
  A naga warrior (D)
  A centaur warrior (D)
  4 death yaks (D)
  3 dancing weapons (D)
  2 titan zombies (D)
  A deep elf knight (D)
  Urug (D)
  A shadow wraith (D)
  A golden dragon zombie (D)
  2 skeletal warriors (D)
  A death drake (D)
  A spriggan druid (D)
  An obsidian statue (D)
  2 orc knights (D)
  A spectral hydra (D)
  A lindwurm (D)
  A shining eye (D)
  2 oklob plants (D)
  2 crystal guardians (D)
  A deep elf mage (D)
  6 slime creatures (D)
  4 ugly things (D)
  A guardian serpent (D)
  A stone giant skeleton (D)
  An iron troll simulacrum (D)
  5 black mambas (D)
  3 statues (D)
  Edmund (D)
  2 spiny frogs (D)
  A komodo dragon (D)
  2 yaktaurs (D)
  A rime drake (D)
  2 anaconda simulacra (D)
  2 hornets (D)
  3 wandering mushrooms (D)
  4 spriggan defenders (D)
  2 tyrant leeches (D)
  8 blink frogs (D)
  An orc high priest (D)
  A dream sheep (shapeshifter) (D)
  5 redbacks (D)
  2 spriggans (D)
  A spatial vortex (D)
  A naga (D)
  3 water moccasins (D)
  2 hydra simulacra (D)
  A floating eye (shapeshifter) (D)
  A floating eye (D)
  An orc warrior (D)
  A swamp drake (D)
  A necrophage (D)
  2 black mamba simulacra (D)
  A fire dragon simulacrum (D)
  5 two-headed ogres (D)
  A swamp dragon skeleton (D)
  A water elemental (D)
  22 killer bees (D)
  4 electric eels (D)
  5 orc priests (D)
  Jessica (D)
  A wizard (D)
  A necromancer (D)
  An orc wizard (D)
  2 humans (D)
  A kobold demonologist (D)
  3 adders (D)
  An ooze (D)
  A phantom (D)
  6 orcs (D)
  2 rats (D)
  4 ballistomycetes (D)
  2 bushes (D)
  8 plants (D)
200 creatures vanquished.

Vanquished Creatures (collateral kills)
  Mara (D)
  2 deep elf blademasters (D)
  A nagaraja (D)
  2 vampire knights (D)
  A yellow draconian (D)
  2 dire elephants (D)
  A mummy priest (D)
  A dancing weapon (D)
  A death drake (D)
  A glowing orange brain (D)
  2 crystal guardians (D)
  2 elephants (D)
  A molten gargoyle (D)
  A hornet (D)
  A queen bee (D)
  A shadow (D)
  A human (D)
  A golden eye (D)
  A naga (D)
  An orc warrior (D)
  10 killer bees (D)
  A jelly (D)
  3 orc wizards (D)
  3 orc priests (D)
  An orc (D)
  3 plants (D)
46 creatures vanquished.

Vanquished Creatures (others)
  2 draconian scorchers (D)
  A death drake (D)
  6 hellions (D)
  A yaktaur (D)
  A statue (D)
  2 ball lightnings (D)
  6 ballistomycete spores (D)
  A bush (D)
  19 plants (D)
39 creatures vanquished.

Grand Total: 285 creatures vanquished

Notes
Turn   | Place    | Note
-------+----------+-------------------------------------------
     0 | D        | wojtek the Minotaur Berserker began the quest for the Orb.
     0 | D        | Reached XP level 1. HP: 19/19 MP: 0/0
     6 | D        | Reached skill level 4 in Axes
    22 | D        | Noticed Jessica
    23 | D        | Reached ** piety under Trog
    24 | D        | Killed Jessica
    24 | D        | Reached skill level 5 in Axes
    24 | D        | Reached XP level 2. HP: 25/28 MP: 1/1
    24 | D        | Reached XP level 3. HP: 32/35 MP: 2/2
    33 | D        | Killed a yaktaur
    57 | D        | Reached skill level 5 in Fighting
    57 | D        | Reached skill level 6 in Axes
   106 | D        | Killed a hellion
   108 | D        | Killed a hellion
   109 | D        | Reached *** piety under Trog
   109 | D        | Killed a hellion
   156 | D        | Killed a hellion
   158 | D        | Noticed a water elemental
   163 | D        | Killed a water elemental
   163 | D        | Reached skill level 8 in Axes
   163 | D        | Reached skill level 5 in Armour
   163 | D        | Reached skill level 5 in Dodging
   163 | D        | Reached XP level 4. HP: 43/44 MP: 3/3
   206 | D        | Killed a white draconian scorcher
   256 | D        | Found a radiant altar of Vehumet.
   256 | D        | Found a deep blue altar of Sif Muna.
   256 | D        | Found an ancient bone altar of Kikubaaqudgha.
   256 | D        | Noticed a wizard
   257 | D        | Killed a wizard
   257 | D        | Reached XP level 5. HP: 51/51 MP: 4/4
   261 | D        | Reached **** piety under Trog
   270 | D        | Killed a hellion
   270 | D        | Killed a hellion
   280 | D        | Found a glowing silver altar of Zin.
   281 | D        | Found a glowing golden altar of the Shining One.
   281 | D        | Found a white marble altar of Elyvilon.
   281 | D        | Noticed a deep elf mage
   296 | D        | Killed a deep elf mage
   296 | D        | Reached skill level 11 in Axes
   296 | D        | Reached XP level 6. HP: 60/62 MP: 5/5
   296 | D        | Reached XP level 7. HP: 67/69 MP: 6/6
   304 | D        | Found a hide-covered altar of Uskayaw.
   304 | D        | Found a roughly hewn altar of Beogh.
   304 | D        | Found an iron altar of Okawaru.
   304 | D        | Found a bloodstained altar of Trog.
   304 | D        | Found an ornate altar of the Wu Jian Council.
   304 | D        | Noticed a human
   305 | D        | Noticed a human
   313 | D        | Killed a human
   313 | D        | Reached skill level 12 in Axes
   316 | D        | Killed a human
   329 | D        | Noticed a shadow
   332 | D        | Killed a white draconian scorcher
   337 | D        | Killed a shadow
   337 | D        | Reached ***** piety under Trog
   337 | D        | Reached skill level 13 in Axes
   348 | D        | Found a blossoming altar of Fedhas.
   348 | D        | Found a stormy altar of Qazlal.
   348 | D        | Found a snail-covered altar of Cheibriados.
   348 | D        | Found a burning altar of Makhleb.
   348 | D        | Found a shimmering altar of Xom.
   518 | D        | Found a shadowy altar of Dithmenos.
   525 | D        | Reached skill level 10 in Fighting
   532 | D        | Found a basalt altar of Yredelemnul.
   532 | D        | Found a sacrificial altar of Ru.
   534 | D        | Received a gift from Trog
   534 | D        | Reached XP level 8. HP: 41/79 MP: 7/7
   668 | D        | Found a hazy altar of Hepliaklqana.
   668 | D        | Found an opulent altar of Gozag.
   668 | D        | Found a sparkling altar of Nemelex Xobeh.
   668 | D        | Found a corrupted altar of Lugonu.
   668 | D        | Found a viscous altar of Jiyva.
   966 | D        | Reached skill level 10 in Armour
  1187 | D        | Noticed a two-headed ogre
  1196 | D        | Killed a two-headed ogre
  1196 | D        | Reached skill level 14 in Axes
  1258 | D        | Noticed a two-headed ogre
  1258 | D        | Noticed Erolcha
  1265 | D        | Killed Erolcha
  1265 | D        | Reached skill level 15 in Axes
  1265 | D        | Reached skill level 10 in Dodging
  1265 | D        | Reached XP level 9. HP: 90/90 MP: 8/8
  1273 | D        | Killed a two-headed ogre
  1281 | D        | Received a gift from Trog
  1287 | D        | Reached skill level 16 in Axes
  1422 | D        | Found Novet's Food Shoppe.
  1424 | D        | Reached ****** piety under Trog
  1425 | D        | Received a gift from Trog
  1427 | D        | Received a gift from Trog
  1442 | D        | Received a gift from Trog
  1642 | D        | Noticed a queen bee
  1648 | D        | Received a gift from Trog
  1660 | D        | Killed a queen bee
  1660 | D        | Received a gift from Trog
  1836 | D        | Reached XP level 10. HP: 87/100 MP: 9/9
  1845 | D        | Reached skill level 17 in Axes
  1886 | D        | Received a gift from Trog
  1890 | D        | HP: 4/100 [killer bee (7)]
  2428 | D        | Received a gift from Trog
  2480 | D        | Noticed a spiny frog
  2480 | D        | Noticed a spiny frog
  2487 | D        | Killed a spiny frog
  2488 | D        | Killed a spiny frog
  2488 | D        | Reached skill level 18 in Axes
  2712 | D        | Received a gift from Trog
  2928 | D        | Noticed Rupert
  2939 | D        | Killed Rupert
  2939 | D        | Reached skill level 19 in Axes
  2939 | D        | Reached XP level 11. HP: 111/111 MP: 10/10
  2958 | D        | Noticed a dire elephant
  2959 | D        | Noticed a dire elephant
  2959 | D        | Noticed Gastronok
  2962 | D        | Killed a dire elephant
  2962 | D        | Received a gift from Trog
  2973 | D        | Noticed an azure jelly
  2973 | D        | Noticed an azure jelly
  2973 | D        | Noticed an azure jelly
  2973 | D        | Noticed an azure jelly
  2977 | D        | Killed a dire elephant
  2980 | D        | Killed Gastronok
  2980 | D        | Reached skill level 15 in Fighting
  2980 | D        | Reached skill level 20 in Axes
  2980 | D        | Reached skill level 15 in Armour
  3071 | D        | Noticed a death yak
  3084 | D        | Killed a death yak
  3147 | D        | Noticed a death yak
  3148 | D        | Noticed a death yak
  3151 | D        | Noticed a death yak
  3156 | D        | Killed a death yak
  3159 | D        | Killed a death yak
  3159 | D        | Received a gift from Trog
  3164 | D        | Killed a death yak
  3298 | D        | Reached skill level 21 in Axes
  3429 | D        | Noticed a death drake
  3432 | D        | Killed a death drake
  3899 | D        | Noticed a death drake
  3903 | D        | Killed a death drake
  4034 | D        | Found Hopsom's Jewellery Shoppe.
  4034 | D        | Found Ituomina's Antique Weapon Boutique.
  4038 | D        | Found Nezir's Distillery.
  4092 | D        | Received a gift from Trog
  4115 | D        | Reached XP level 12. HP: 71/119 MP: 11/11
  4384 | D        | Reached skill level 15 in Dodging
  4408 | D        | Noticed Urug
  4413 | D        | Killed Urug
  4547 | D        | Noticed an eight-headed hydra
  4547 | D        | Noticed an eight-headed hydra
  4553 | D        | Killed a five-headed hydra
  4553 | D        | Received a gift from Trog
  4556 | D        | Killed a five-headed hydra
  5288 | D        | Reached skill level 22 in Axes
  5386 | D        | Found a blossoming altar of Fedhas.
  5424 | D        | Noticed an anaconda
  5427 | D        | Killed an anaconda
  5439 | D        | Received a gift from Trog
  5637 | D        | Noticed an anaconda
  5637 | D        | Noticed an anaconda
  5637 | D        | Noticed an anaconda
  5647 | D        | Killed an anaconda
  5651 | D        | Killed an anaconda
  5652 | D        | Killed an anaconda
  5950 | D        | Noticed an anaconda
  5960 | D        | Killed an anaconda
  5960 | D        | Reached skill level 23 in Axes
  6077 | D        | Noticed a naga warrior
  6077 | D        | Noticed a nagaraja
  6093 | D        | Killed a nagaraja
  6096 | D        | Killed a naga warrior
  6103 | D        | Found Vurrestro's Food Shop.
  6103 | D        | Found Qyekk's Jewellery Shoppe.
  6105 | D        | Found Xitiushe's Antique Weapon Boutique.
  6123 | D        | Got a serpentine rune of Zot
  6136 | D        | Bought an uncursed ring of protection from cold for 350 gold pieces
  6327 | D        | Received a gift from Trog
  6839 | D        | Noticed Sigmund
  6839 | D        | Noticed Edmund
  6846 | D        | Killed Sigmund
  6846 | D        | Reached XP level 13. HP: 74/130 MP: 12/12
  6848 | D        | Killed Edmund
  7161 | D        | Received a gift from Trog
  7166 | D        | Reached skill level 24 in Axes
  7213 | D        | Received a gift from Trog
  7226 | D        | Found Rungip's Food Emporium.
  7226 | D        | Found Taimpaw's Magic Scroll Shop.
  7226 | D        | Found Miubofej's Antique Armour Boutique.
  7226 | D        | Found Hekasyxa's Gadget Shoppe.
  7226 | D        | Found Ymohat's Gadget Boutique.
  7226 | D        | Found Tugya's Book Emporium.
  7226 | D        | Found Kisof's Book Shoppe.
  7226 | D        | Found Tanuat's General Store.
  7226 | D        | Found Jukkan's Antique Armour Shop.
  7226 | D        | Found Josmurph's Distillery.
  7226 | D        | Found Peud's Antique Weapon Emporium.
  7226 | D        | Found Duonufom's Jewellery Boutique.
  7251 | D        | Bought a potion of curing for 36 gold pieces
  7253 | D        | Bought the ring of Cockuemu {rPois Dex+3} for 466 gold pieces
  7281 | D        | Bought the +3 pair of gauntlets of War {Slay+5} for 1520 gold pieces
  7281 | D        | Found the +3 pair of gauntlets of War {Slay+5}
  7401 | D        | Bought a potion of curing for 33 gold pieces
  7401 | D        | Bought a potion of agility for 44 gold pieces
  7469 | D        | Got a decaying rune of Zot
  7751 | D        | Noticed a mummy priest
  7801 | D        | Received a gift from Trog
  7806 | D        | Got a brightly glowing battleaxe {god gift}
  7812 | D        | Killed a mummy priest
  7817 | D        | Identified the +2 battleaxe "Roha" {flame, Dex+7} (Trog gifted it to you in the Dungeon)
  8130 | D        | Found Pissy's Food Shop.
  8131 | D        | Found Piutak's Distillery.
  8131 | D        | Found Qekhacopp's Gadget Shop.
  8131 | D        | Found Eblef's Armour Emporium.
  8146 | D        | Bought the +10 scale mail "Pakh" {rC+ MR++ SInv Stlth-} for 1108 gold pieces
  8183 | D        | Reached skill level 25 in Axes
  8323 | D        | Received a gift from Trog
  8326 | D        | Noticed Boris
  8338 | D        | Killed Boris
  8679 | D        | Noticed Roxanne
  8686 | D        | Killed Roxanne
  8686 | D        | Received a gift from Trog
  8686 | D        | Reached skill level 26 in Axes
  8686 | D        | Reached XP level 14. HP: 142/142 MP: 13/13
  8700 | D        | Found Larhitry's Distillery.
  8838 | D        | Noticed an Executioner
  8842 | D        | Killed an Executioner
  8842 | D        | Received a gift from Trog
  8871 | D        | Noticed Nessos
  8886 | D        | Killed Nessos
  8908 | D        | Received a gift from Trog
  9071 | D        | Gained mutation: Scrolls take you a little longer to read. [a shining eye]
  9084 | D        | Noticed a deep elf blademaster
  9084 | D        | Noticed a deep elf blademaster
  9084 | D        | Noticed a deep elf blademaster
  9084 | D        | Noticed a deep elf blademaster
  9096 | D        | Killed a deep elf blademaster
  9098 | D        | Killed a deep elf blademaster
  9098 | D        | Reached skill level 27 in Axes
  9101 | D        | Killed a deep elf blademaster
  9102 | D        | Killed a deep elf blademaster
  9102 | D        | Received a gift from Trog
  9135 | D        | Got a transparent battleaxe {god gift}
  9188 | D        | Noticed Nikola
  9194 | D        | Noticed a storm dragon
  9202 | D        | Killed a storm dragon
  9208 | D        | Killed Nikola
  9218 | D        | Received a gift from Trog
  9221 | D        | Got a faintly glowing battleaxe {god gift}
  9345 | D        | Noticed a vampire knight
  9347 | D        | Noticed Mara
  9347 | D        | Killed a vampire knight
  9347 | D        | Received a gift from Trog
  9350 | D        | Noticed a vampire knight
  9351 | D        | Killed a vampire knight
  9360 | D        | Killed Mara
  9407 | D        | Received a gift from Trog
  9513 | D        | Reached XP level 15. HP: 80/157 MP: 14/14
  9927 | D        | Received a gift from Trog
 10054 | D        | Noticed Chuck
 10060 | D        | Noticed Sojobo
 10093 | D        | Killed Chuck
 10101 | D        | Identified the Disquisition on Poisoning
 10106 | D        | HP: 3/158 [Sojobo/bolt of lightning (46)]
 10110 | D        | Demolished by Sojobo

Skill      XL: |  1  2  3  4  5  6  7  8  9 10 11 12 13 14 15 |
---------------+----------------------------------------------+-----
Fighting       | 4 6 8 10 11 12 14 16 18 19 22 23 | 23.2
Axes           | 5 8 11 13 15 16 19 21 23 26 27 | 27.0
Armour         | 4 5 8 9 11 12 14 16 18 19 22 23 | 23.2
Dodging        | 3 5 7 8 10 11 13 14 16 18 21 | 21.7

Action                   |  1- 3 |  4- 6 |  7- 9 | 10-12 | 13-15 || total
-------------------------+-------+-------+-------+-------+-------++-------
Melee: Hand axe          |    21 |     9 |    77 |       |       ||   107
       Headbutt          |     4 |     3 |    22 |    41 |    88 ||   158
       Battleaxe         |       |       |    31 |       |   135 ||   166
       Executioner's axe |       |       |     3 |   220 |   102 ||   325
Throw: Javelin           |       |       |       |       |     1 ||     1
Invok: Berserk           |     2 |       |     3 |     2 |       ||     7
       Brothers in Arms  |       |       |     3 |     7 |    10 ||    20
       Burn Spellbooks   |       |       |     1 |       |       ||     1
  Use: Potion            |       |       |     1 |     1 |     1 ||     3
 Stab: Distracted        |       |       |     1 |     2 |     1 ||     4
       Held in net/web   |       |       |       |       |     2 ||     2
  Eat: Chunk             |       |       |     5 |     6 |     4 ||    15
       Ration            |       |       |     1 |     4 |     3 ||     8
Armor: Animal skin       |     1 |       |     3 |       |       ||     4
       Plate armour      |       |       |    14 |   125 |    14 ||   153
       Scale mail        |       |       |       |       |    68 ||    68
Dodge: Dodged            |     5 |     4 |    62 |   161 |   150 ||   382
